 Dungeon Crawl Stone Soup version 0.16-a0-3338-g714714c (webtiles) character file.

6202 Fiveotanaka the Destroyer (level 10, 0/83 HPs)
             Began as a Grey Draconian Air Elementalist on Dec 28, 2014.
             Was a Believer of Vehumet.
             Slain by a spectral orc warrior
             ... wielding a +1 hand axe of electrocution
             ... summoned by Nergalle
              (13 damage)
             ... on level 2 of the Lair of Beasts.
             The game lasted 00:56:02 (13918 turns).

Fiveotanaka the Destroyer (DrAE)                   Turns: 13918, Time: 00:56:03

Health: 0/83       AC: 13    Str: 11    XL:     10   Next: 61%
Magic:  6/23       EV: 12    Int: 18    God:    Vehumet [**....]
Gold:   641        SH:  0    Dex: 13    Spells: 5 memorised, 5 levels left

rFire  . . .     SeeInvis +     V - +3 flail of the Vestibule of Hell {flame, rPois Dex+1 SInv} (curse)
rCold  . . .     Clarity  +     (armour unavailable)
rNeg   . . .     SustAb   +     (no shield)
rPois  +         Gourm    .     (helmet restricted)
rElec  .         Spirit   .     (no cloak)
rCorr  .         Warding  .     (no gloves)
rMut   .         Stasis   .     J - +0 pair of boots
MR     .....                    R - amulet of clarity
Stlth  ++........               l - ring of wizardry
                                y - ring of sustain abilities

@: repel missiles, not resistant to hostile enchantments, unstealthy
A: walk through water, unfitting armour, deterioration 1, unbreathing,
cold-blooded, AC +12
a: Renounce Religion


You were on level 2 of the Lair of Beasts.
You worshipped Vehumet.
Vehumet was pleased with you.
You were very hungry.

You visited 3 branches of the dungeon, and saw 12 of its levels.
You also visited: Ossuary.

You collected 641 gold pieces.

Inventory:

Hand weapons
 p - a +4 spear
 M - a +0 trident of protection
 O - a +0 blowgun
 V - the cursed +3 flail of the Vestibule of Hell (weapon) {flame, rPois Dex+1 SInv}
   (You found it on level 1 of the Lair of Beasts)

   It emits flame when wielded, causing extra injury to most foes and up to half
   as much damage over again against particularly susceptible opponents.
   It affects your dexterity (+1).
   It protects you from poison.
   It enhances your eyesight.
   It has a curse placed upon it.
Missiles
 a - 147 stones (quivered)
 n - 71 poisoned needles
Armour
 J - a +0 pair of boots (worn)
Jewellery
 i - an uncursed ring of see invisible
 l - a ring of wizardry (right hand)
 s - an uncursed amulet of resist mutation
 y - a ring of sustain abilities (left hand)
 R - an amulet of clarity (around neck)
Magical devices
 K - a wand of teleportation (3)
 Q - a wand of lightning (0)
 S - a wand of heal wounds (5)
 U - a wand of teleportation (2)
Scrolls
 f - 5 scrolls of remove curse
 h - 7 scrolls of magic mapping
 m - 3 scrolls of teleportation
 q - a scroll of enchant armour {unknown}
 z - 3 scrolls of fear
 A - a scroll of recharging {unknown}
 E - 2 scrolls of blinking
 N - a scroll of noise {unknown}
 P - 2 scrolls of enchant weapon
Potions
 e - 7 potions of agility
 g - 3 potions of might
 j - 6 potions of restore abilities
 o - 6 potions of curing
 r - a potion of lignification {unknown}
 u - 5 potions of heal wounds
 v - a potion of mutation {unknown}
 w - 2 potions of brilliance {unknown}
 x - a potion of magic {unknown}
 B - a potion of flight {unknown}
 C - a potion of resistance {unknown}
 F - 3 potions of haste
 I - a potion of invisibility {unknown}
 L - a potion of cure mutation {unknown}
Books
 d - a book of the Warp

   Spells                             Type                      Level
   a - Recall                         Summoning/Translocation      3
   b - Control Teleport               Charms/Translocation         4
   c - Force Lance                    Conjuration/Translocation    4
   d - Phase Shift                    Translocation                5
   e - Warp Weapon                    Charms/Translocation         5
   f - Summon Forest                  Summoning/Translocation      5
   g - Gell's Gravitas                Hexes/Translocation          6
 t - a book of Callings

   Spells                             Type                      Level
   a - Summon Small Mammal            Summoning                    1
   b - Call Imp                       Summoning                    2
   c - Call Canine Familiar           Summoning                    3
   d - Summon Guardian Golem          Hexes/Summoning              4
   e - Summon Lightning Spire         Summoning/Air                4
   f - Summon Ice Beast               Ice/Summoning                4
 H - a book of Burglary

   Spells                             Type                      Level
   a - Swiftness                      Charms/Air                   2
   b - Passwall                       Transmutation/Earth          3
   c - Passage of Golubria            Translocation                4
   d - Lee's Rapid Deconstruction     Earth                        5
   e - Invisibility                   Hexes                        6
   f - Darkness                       Hexes                        7
Comestibles
 c - 9 bread rations
 k - 5 meat rations
 D - a beef jerky
 G - a slice of pizza
 T - a royal jelly


   Skills:
 + Level 5.6 Fighting
 - Level 1.7 Dodging
 - Level 1.7 Stealth
 - Level 6.0 Spellcasting
 - Level 11.0 Conjurations
 - Level 6.0 Air Magic
 - Level 6.1 Earth Magic


You had 5 spell levels left.
You knew the following spells:

 Your Spells              Type           Power        Failure   Level  Hunger
a - Shock                 Conj/Air       ####         1%          1    None
b - Repel Missiles        Chrm/Air       ###...       2%          2    None
c - Static Discharge      Conj/Air       #####...     1%          3    ##.....
d - Lightning Bolt        Conj/Air       #####.....   4%          5    #####..
e - Lee's Rapid Deconstr  Erth           ####......   12%         5    #####..


Dungeon Overview and Level Annotations

Branches:
Dungeon (9/15)             Temple (1/1) D:7            Lair (2/8) D:9
    Orc: D:9-12

Altars:
Ashenzari
Cheibriados
Dithmenos
Elyvilon
Fedhas
Gozag
Kikubaaqudgha
Makhleb
Nemelex Xobeh
Okawaru
Qazlal
Ru
Sif Muna
Trog
Vehumet
Xom
Yredelemnul
Zin
The Shining One

Annotations:
Lair:2 Nergalle


Innate Abilities, Weirdness & Mutations

You can walk through water.
Your dull iron-grey scales are very hard (AC +12).
Your body does not fit into most forms of armour.
You can survive without breathing.
Your cold-blooded metabolism reacts poorly to cold.
Your body is slowly deteriorating.


Message History

The spectral orc warrior hits you with a dire flail.
The spectral orc warrior hits you but does no damage.
You are electrocuted!
Nergalle hits you with a dagger.
The spectral orc knight hits you from afar with a glaive.
The spectral orc warrior misses you. The spectral orc closely misses you.
Nergalle hits you but does no damage.
The spectral orc warrior barely misses you.
You closely miss Nergalle.
Your tail-slap misses Nergalle.
Nergalle is almost dead.
The spectral orc warrior hits you but does no damage.
The spectral orc barely misses you.
The spectral orc knight hits you but does no damage.
The spectral orc warrior barely misses you.
Nergalle hits you with a dagger.
* * * LOW HITPOINT WARNING * * *
The spectral orc warrior hits you with a dire flail!
* * * LOW HITPOINT WARNING * * *
The spectral orc warrior hits you but does no damage.
You are electrocuted!
You die...

##...............#
#...#...o........P.
#..................
##.###....#........
#..##...........#
#.####.###P......
#..#########.....
##o#Z#....#.#......
#.@Z...............
##ZZ...............
#Z.................
##.........<.....#
##...###.#.##....#
#....# ##### ....#
#....# ...# ##..##
.## #..# .


You could see Nergalle, a spectral orc, 3 spectral orc warriors and a spectral
orc knight.

Vanquished Creatures
  Pikel (D:7)
  A spiny frog (Lair:1)
  A komodo dragon (Lair:1)
  Psyche (D:8)
  2 two-headed ogres
  Prince Ribbit (D:8)
  A trapdoor spider zombie (D:9)
  The ghost of binmo the Twirler, an average HuGl of Zin (D:7)
  2 hippogriffs
  3 porcupines
  2 water moccasins (Lair:1)
  2 orc warriors
  A necrophage (D:6)
  2 sky beasts (D:8)
  2 eyes of draining
  3 slaves (D:7)
  A centaur (D:8)
  2 crocodiles (Lair:1)
  3 ogres
  4 elf skeletons (D:4)
  4 giant frogs
  A wyvern skeleton (D:8)
  2 giant frog zombies (Ossuary)
  2 bog bodies (Ossuary)
  4 crimson imps
  2 centaur zombies (Ossuary)
  A jelly (D:8)
  A hound (D:4)
  3 iguanas
  3 orc priests (D:4)
  6 orc wizards
  A quasit (D:8)
  8 worker ants
  8 mummies (Ossuary)
  A hound zombie (Ossuary)
  A hound skeleton (D:5)
  A worker ant zombie (Ossuary)
  15 river rats (Lair:1)
  13 adders
  4 shadow imps
  3 worms
  2 adder zombies (Ossuary)
  3 adder skeletons
  9 giant geckos
  31 orcs
  5 ball pythons
  15 bats
  5 bat zombies
  18 goblins
  14 hobgoblins
  14 jackals
  4 quokkas
  A ball python zombie (Ossuary)
  6 giant cockroaches
  2 giant gecko skeletons
  5 giant newts
  A giant spore (D:8)
  A hobgoblin zombie (D:8)
  16 kobolds
  2 orc skeletons (D:4)
  A quokka skeleton (D:7)
  18 rats
  A spectral orc (Lair:2)
  3 ballistomycetes (D:8)
297 creatures vanquished.

Vanquished Creatures (others)
  A hound (D:8)
  3 plants
4 creatures vanquished.

Grand Total: 301 creatures vanquished

Notes
Turn   | Place    | Note
--------------------------------------------------------------
     0 | D:1      | Fiveotanaka, the Draconian Air Elementalist, began the quest for the Orb.
     0 | D:1      | Reached XP level 1. HP: 14/14 MP: 3/3
   333 | D:1      | Reached XP level 2. HP: 20/20 MP: 0/4
  1223 | D:2      | Reached XP level 3. HP: 26/26 MP: 0/6
  1285 | D:2      | Learned a level 2 spell: Repel Missiles
  1290 | D:2      | Learned a level 3 spell: Static Discharge
  2185 | D:2      | Reached XP level 4. HP: 30/33 MP: 3/7
  2481 | D:2      | Reached skill level 4 in Conjurations
  3678 | D:4      | Reached XP level 5. HP: 20/38 MP: 0/9
  3793 | D:4      | Found a sand-covered staircase.
  3816 | D:4      | Reached skill level 5 in Air Magic
  4034 | Ossuary  | Entered an ossuary
  4113 | Ossuary  | Reached XP level 6. HP: 43/45 MP: 2/10
  4311 | Ossuary  | Reached skill level 5 in Conjurations
  4632 | Ossuary  | Your scales start taking on a dull iron-grey colour.
  4632 | Ossuary  | Gained mutation: You can survive without breathing. [draconian maturity]
  4632 | Ossuary  | Reached XP level 7. HP: 44/50 MP: 12/12
  4664 | Ossuary  | Reached skill level 6 in Conjurations
  5139 | D:4      | Reached skill level 7 in Conjurations
  5149 | D:4      | Noticed an ogre
  5154 | D:4      | Killed an ogre
  5480 | D:4      | Found an ancient bone altar of Kikubaaqudgha.
  5519 | D:4      | Reached skill level 8 in Conjurations
  5525 | D:4      | Reached XP level 8. HP: 57/57 MP: 3/13
  6348 | D:5      | Entered Level 5 of the Dungeon
  6445 | D:5      | Learned a level 5 spell: Lightning Bolt
  6596 | D:5      | Reached skill level 9 in Conjurations
  6762 | D:5      | Found a blossoming altar of Fedhas.
  7473 | D:6      | Reached skill level 5 in Air Magic
  8109 | D:7      | Noticed binmo's ghost (average HuGl)
  8133 | D:7      | Killed binmo's ghost
  8403 | D:7      | Found a staircase to the Ecumenical Temple.
  8418 | Temple   | Entered the Ecumenical Temple
  8510 | Temple   | Became a worshipper of Vehumet
  8842 | D:7      | Noticed Pikel
  8855 | D:7      | Killed Pikel
  8855 | D:7      | Reached skill level 10 in Conjurations
  8855 | D:7      | Reached XP level 9. HP: 52/62 MP: 0/14
  9299 | D:8      | Acquired Vehumet's first power
  9299 | D:8      | Offered knowledge of Sting by Vehumet.
  9633 | D:8      | Reached skill level 11 in Conjurations
 10007 | D:8      | Gained mutation: Your body is slowly deteriorating. [mutagenic meat]
 10162 | D:8      | Noticed Prince Ribbit
 10318 | D:8      | Killed Prince Ribbit
 10511 | D:8      | Reached skill level 5 in Spellcasting
 10661 | D:8      | Noticed Psyche
 10673 | D:8      | Killed Psyche
 10780 | D:8      | Learned a level 5 spell: Lee's Rapid Deconstruction
 10835 | D:9      | Reached skill level 1 in Earth Magic
 10852 | D:9      | Reached XP level 10. HP: 69/69 MP: 20/23
 11085 | D:9      | Found a staircase to the Lair.
 11507 | D:9      | Reached skill level 5 in Earth Magic
 11947 | Lair:1   | Entered Level 1 of the Lair of Beasts
 12338 | Lair:1   | Offered knowledge of Sandblast by Vehumet.
 12384 | Lair:1   | Reached skill level 1 in Fighting
 12767 | Lair:1   | Got a brightly glowing flail
 12771 | Lair:1   | Identified the cursed +3 flail of the Vestibule of Hell {flame, rPois Dex+1 SInv} (You found it on level 1 of the Lair of Beasts)
 13665 | Lair:1   | Reached skill level 5 in Fighting
 13885 | Lair:2   | Noticed Nergalle
 13918 | Lair:2   | Slain by a spectral orc warrior

Action                   |  1- 3 |  4- 6 |  7- 9 | 10-12 || total
-------------------------+-------+-------+-------+-------++-------
Melee: Club              |    32 |       |       |       ||    32
       Spear             |     9 |    97 |   262 |    74 ||   442
       Flail             |       |       |       |    42 ||    42
 Cast: Shock             |   115 |   111 |   309 |   149 ||   684
       Repel Missiles    |     2 |     1 |     1 |     1 ||     5
       Static Discharge  |       |       |     2 |     5 ||     7
       Lightning Bolt    |       |       |     6 |     4 ||    10
Evoke: Wand              |       |       |     3 |       ||     3
  Use: Scroll            |       |     2 |    13 |     4 ||    19
 Stab: Distracted        |       |     2 |     1 |       ||     3
       Sleeping          |       |     1 |     4 |       ||     5
  Eat: Chunk             |     6 |     7 |    23 |    11 ||    47
       Bread ration      |       |     1 |       |       ||     1
       Beef jerky        |       |       |     1 |       ||     1
